 Dungeon Crawl Stone Soup version 0.24-a0-408-gcc1054c7ca (webtiles) character file.

Game seed: 15749990795394722453

79 Gladaed the Vandal (level 4, 0/29 HPs)
             Began as a Halfling Hunter on June 5, 2019.
             Was an Initiate of Trog.
             Slain by Purgy (3 damage)
             ... in a sewer.
             The game lasted 00:22:29 (2039 turns).

Gladaed the Vandal (Halfling Hunter)                Turns: 2039, Time: 00:22:29

Health: 0/29       AC:  6    Str: 13    XL:     4   Next: 64%
Magic:  4/4        EV: 13    Int:  9    God:    Trog [......]
Gold:   176        SH: 10    Dex: 20    Spells: 3/3 levels left

rFire    . . .     SeeInvis .   b - +0 whip
rCold    . . .     Gourm    .   j - +2 shield {rN+}
rNeg     + . .     Faith    .   s - +0 robe (curse)
rPois    .         Spirit   .   u - +2 helmet
rElec    .         Reflect  .   y - +0 cloak
rCorr    .         Harm     .   (no gloves)
MR       .....                  (no boots)
Stlth    ++........             (no amulet)
HPRegen  0.09/turn              q - +5 ring of dexterity
MPRegen  0.09/turn              (no ring)

@: no status effects
A: small, mutation resistance 1
a: Renounce Religion


You were in a sewer.
You worshipped Trog.
Trog was noncommittal.
You were not hungry.

You visited 1 branch of the dungeon, and saw 3 of its levels.
You also visited: Sewer.

You collected 176 gold pieces.

Inventory:

Hand Weapons
 a - a +1 hunting sling
 b - a +0 whip (weapon)
 e - a +0 short sword
 l - a +0 short sword
Missiles
 d - 9 sling bullets
 m - 29 stones (quivered)
 n - 4 boomerangs
Armour
 c - a +0 leather armour
 g - a +0 chain mail
 h - a +0 scale mail
 j - a +2 shield of positive energy (worn)
 k - a +0 leather armour
 o - a +0 ring mail
 p - a +0 helmet
 r - a +0 ring mail
 s - a cursed +0 robe (worn)
 t - a +0 leather armour
 u - a +2 helmet (worn)
 y - a +0 cloak (worn)
Jewellery
 q - a +5 ring of dexterity (left hand)
Wands
 w - a wand of iceblast (8)
Scrolls
 x - a scroll of fog {unknown}
 z - a scroll of identify {unknown}
Potions
 i - a potion of berserk rage {unknown}
 v - a potion of curing {unknown}
Comestibles
 f - 3 rations


   Skills:
 + Level 2.2 Fighting
 + Level 0.6 Short Blades
 - Level 6.9(7.0) Slings
 - Level 0.6(3.0) Throwing
 + Level 2.4 Dodging
 * Level 1.9 Stealth
 + Level 1.2 Shields


You had 3 spell levels left.
You didn't know any spells.
Your spell library was empty.

Dungeon Overview and Level Annotations

Branches:
Dungeon (3/15)

Altars:
Kikubaaqudgha
Ru
Trog
Xom

Annotations:
Sewer Purgy


Innate Abilities, Weirdness & Mutations

You are small and have problems with some larger weapons.
You are somewhat resistant to further mutation.


Message History

Purgy is moderately wounded.
Purgy bites you but does no damage. Purgy claws you but does no damage.
You block Purgy's attack.
You hit Purgy but do no damage.
Purgy is moderately wounded.
You block Purgy's attack. Purgy barely misses you. Purgy claws you.
* * * LOW HITPOINT WARNING * * *
You hit Purgy.
Purgy is heavily wounded.
Purgy bites you but does no damage. You block Purgy's attack. Purgy claws you.
* * * LOW HITPOINT WARNING * * *
You hit Purgy.
Purgy is heavily wounded.
Purgy barely misses you. Purgy misses you. Purgy claws you.
* * * LOW HITPOINT WARNING * * *
You block Purgy's attack. Purgy claws you but does no damage. Purgy misses you.
You hit Purgy.
Purgy is heavily wounded.
Purgy barely misses you. x2; Purgy claws you.
You die...

#.≈≈≈.#
+.≈≈≈.+
#.≈≈≈.#
#.≈≈≈.#
+.≈≈≈.+
#.≈≈≈.#
####.≈≈≈.####
#).'..∩(.KT@#
####.≈≈≈.####
#.≈≈≈.#
..'.≈≈≈.+
###.≈≈≈.#
#.≈≈≈.#
+.≈≈≈.+
#.≈≈≈.#


You could see Purgy and a kobold.

Vanquished Creatures
  2 adders (D:3)
  An ooze (D:2)
  2 worms
  2 dart slugs
  3 leopard geckos
  3 bats
  3 giant cockroaches
  8 goblins (D:1)
  2 hobgoblins (D:1)
  4 jackals
  4 frilled lizards (D:1)
  7 kobolds
  2 rats
43 creatures vanquished.

Notes
Turn   | Place    | Note
-------+----------+-------------------------------------------
     0 | D:1      | Gladaed the Halfling Hunter began the quest for the Orb.
     0 | D:1      | Reached XP level 1. HP: 14/14 MP: 1/1
   116 | D:1      | Reached skill level 6 in Slings
   234 | D:1      | Reached XP level 2. HP: 19/19 MP: 2/2
   487 | D:1      | Reached XP level 3. HP: 24/24 MP: 3/3
  1135 | D:2      | Found an ancient bone altar of Kikubaaqudgha.
  1135 | D:2      | Found a bloodstained altar of Trog.
  1152 | D:2      | Became a worshipper of Trog the Wrathful
  1411 | D:2      | Found a shimmering altar of Xom.
  1420 | D:2      | Reached skill level 1 in Shields
  1564 | D:2      | Reached XP level 4. HP: 29/29 MP: 4/4
  1676 | D:3      | Found a sacrificial altar of Ru.
  1756 | D:3      | Found a glowing drain.
  1801 | Sewer    | Entered a sewer
  2013 | Sewer    | Noticed Purgy
  2039 | Sewer    | Slain by Purgy

Levels and vault maps discovered:
D:1:      saegor_arrival_simple_c, layout_basic, palyth_stone_intersect,
          minmay_hexomino_c4
D:2:      layout_rooms, xom_teletrap_fun, gammafunk_temple_overflow_statue
D:3:      layout_loops_corners, marbit_many_paths, fedhas_altar_3,
          gup_sewer_entry_glass, first_ration
Sewer:    kennysheep_door_sewer

Skill      XL: |  1  2  3 |
---------------+----------+-----
Slings         | 6 |  6.9
Fighting       | 2 |  2.2
Shields        | 1 |  1.2
Short Blades   | |  0.6
Throwing       | |  0.6
Dodging        | |  2.4
Stealth        | |  1.9

Action                   |  1- 3 |  4- 6 || total
-------------------------+-------+-------++-------
Melee: Short sword       |    42 |       ||    42
       Whip              |    33 |    61 ||    94
 Fire: Hunting sling     |    55 |     7 ||    62
Throw: Stone             |     2 |       ||     2
Evoke: Wand              |       |     1 ||     1
 Stab: Sleeping          |     2 |     1 ||     3
  Eat: Chunk             |     2 |     2 ||     4
Armor: Leather armour    |     4 |       ||     4
       Robe              |    13 |    27 ||    40
Dodge: Dodged            |    42 |    40 ||    82
Block: Shield            |    46 |    45 ||    91

Table legend:
 A = Non-vault XP
 B = Vault XP
 C = Vault XP percentage of total XP
 D = Non-vault monster count
 E = Vault monster count
 F = Vault count percentage of total count
                 A         B        C        D         E       F
            +---------+---------+-------+---------+---------+-------
      Total |      71 |      43 |  37.7 |      33 |      10 |  23.3
            +---------+---------+-------+---------+---------+-------
        D:1 |      34 |      11 |  24.4 |      20 |       5 |  20.0
        D:2 |      27 |       0 |   0.0 |      10 |       0 |   0.0
        D:3 |      10 |      32 |  76.2 |       3 |       5 |  62.5
            +---------+---------+-------+---------+---------+-------
